AoeStats
← CHFSwissMade

Arabia

505745291Analyzed
4v4 RM · 20d ago on Sep 10, 2026· 98m 14s· 8 players
Game mode
Random Map
Map size
Large (8 player)
Population
200
Speed
Normal
Resources
Standard
Victory
Conquest
Starting age
Dark Age
Ending age
Imperial Age
RankedLock teamsTeams togetherTeam positionsShared explorationLock speedFull tech treeHidden civsTurbo modeCheats
Victory
Defeat
🇬🇧 Cumans · United Kingdom
947
+17
🇮🇹 Spanish · Italy
884
+20
🇬🇧 Ethiopians · United Kingdom
884
+20
🇬🇧 Persians · United Kingdom
884
+20
🇧🇷 Byzantines · Brazil
1010
-21
🇦🇷 Wei · Argentina
1009
-21
🇦🇷 Celts · Argentina
974
-19
🇺🇸 Britons · United States
895
-16
sam.pidgeon
2:08 Loom
12:32 Feudal Age
13:00 Double-Bit Axe
18:17 Scale Barding Armor
20:59 Scale Mail Armor
21:34 Horse Collar
22:06 Forging
24:21 Bloodlines
26:43 Wheelbarrow
31:30 Castle Age
30:06 Town Watch
30:25 Padded Archer Armor
30:15 Fletching
31:39 Pikeman
32:43 Light Cavalry
38:43 Bow Saw
40:50 Murder Holes
41:29 Chain Barding Armor
41:54 Squires
44:05 Ballistics
44:35 Iron Casting
46:06 Chain Mail Armor
46:07 Leather Archer Armor
53:10 Imperial Age
52:36 Masonry
61:55 Conscription
61:47 Heavy Plow
62:42 Caravan
67:42 Steppe Husbandry
69:19 Plate Barding Armor
71:26 Blast Furnace
71:23 Hand Cart
72:29 Chemistry
73:39 Bodkin Arrow
74:15 Ring Archer Armor
74:31 Thumb Ring
79:12 Hoardings
78:10 Hussar
82:25 Elite Steppe Lancer
90:45 Gold Mining
90:48 Stone Mining
92:15 Elite Kipchak
93:35 Cuman Mercenaries
95:14 Town Patrol
Hvide
11:33 Feudal Age
12:00 Double-Bit Axe
12:03 Loom
12:23 Man-at-Arms
20:44 Castle Age
19:01 Gold Mining
21:46 Fletching
22:11 Bow Saw
22:53 Crossbowman
24:24 Ballistics
24:01 Horse Collar
25:17 Bodkin Arrow
28:45 Thumb Ring
33:33 Padded Archer Armor
36:25 Masonry
38:03 Leather Archer Armor
42:24 Imperial Age
43:33 Conscription
44:48 Arbalester
45:32 Bracer
46:03 Ring Archer Armor
46:41 Chemistry
46:55 Wheelbarrow
50:03 Onager
51:29 Scale Mail Armor
51:40 Forging
57:12 Chain Mail Armor
56:47 Halberdier
58:07 Squires
58:41 Plate Mail Armor
58:46 Iron Casting
61:13 Town Watch
62:31 Blast Furnace
72:22 Stone Mining
73:07 Murder Holes
73:44 Architecture
73:19 Siege Engineers
73:23 Elite Skirmisher
76:13 Sanctity
80:39 Caravan
87:14 Capped Ram
Gila9x
10:33 Feudal Age
15:26 Castle Age
14:20 Scale Barding Armor
14:26 Double-Bit Axe
15:44 Forging
20:30 Bow Saw
20:13 Gold Mining
21:29 Bloodlines
22:05 Chain Barding Armor
22:29 Iron Casting
23:24 Chain Barding Armor
27:10 Husbandry
35:58 Wheelbarrow
37:09 Loom
37:11 Town Watch
37:10 Horse Collar
38:10 Gold Shaft Mining
41:34 Heavy Plow
47:47 Hand Cart
47:36 Stone Mining
54:15 Imperial Age
54:05 Heavy Camel Rider
56:05 Cavalier
58:15 Plate Barding Armor
58:40 Blast Furnace
57:32 Fletching
57:34 Savar
57:42 Elite Skirmisher
58:29 Thumb Ring
59:19 Padded Archer Armor
59:26 Scale Mail Armor
64:26 Bodkin Arrow
64:46 Leather Archer Armor
72:01 Ring Archer Armor
77:39 Ballistics
78:19 Chemistry
93:12 Conscription
CHFSwissMade
14:02 Feudal Age
14:54 Double-Bit Axe
15:48 Wheelbarrow
14:59 Loom
15:00 Town Watch
18:47 Horse Collar
24:50 Castle Age
23:25 Scale Barding Armor
23:31 Forging
26:23 Chain Barding Armor
26:39 Iron Casting
26:10 Heavy Plow
31:24 Murder Holes
31:49 Ballistics
31:41 Masonry
33:30 Husbandry
33:41 Bloodlines
37:46 Town Watch
39:45 Hand Cart
43:47 Imperial Age
46:31 Chemistry
46:38 Plate Barding Armor
47:04 Blast Furnace
54:49 Stone Mining
57:41 Elite Conquistador
58:43 Conscription
62:30 Gold Mining
69:29 Elite Skirmisher
70:48 Padded Archer Armor
70:39 Fletching
75:08 Leather Archer Armor
74:49 Bodkin Arrow
78:53 Ring Archer Armor
78:23 Bracer
78:29 Bracer
82:11 Light Cavalry
85:02 Hussar
98:20 Chemistry
98:25 Bow Saw
buggsy 23
10:45 Feudal Age
11:49 Double-Bit Axe
14:16 Man-at-Arms
14:42 Arson
16:16 Horse Collar
20:19 Castle Age
19:21 Forging
19:07 Fletching
21:52 Wheelbarrow
20:49 Long Swordsman
22:24 Heavy Plow
29:55 Elite Skirmisher
31:52 Padded Archer Armor
33:25 Bow Saw
38:39 Bodkin Arrow
39:34 Ballistics
43:42 Imperial Age
41:54 Leather Archer Armor
43:41 Hand Cart
44:39 Squires
44:25 Gambesons
45:02 Forging
44:53 Scale Mail Armor
46:29 Bracer
48:19 Chemistry
47:26 Siege Engineers
48:13 Conscription
47:17 Two-Handed Swordsman
50:21 Gold Mining
51:30 Ring Archer Armor
51:16 Chain Mail Armor
51:39 Iron Casting
54:32 Yeomen
54:17 Warwolf
59:41 Light Cavalry
60:22 Husbandry
61:43 Scale Barding Armor
62:39 Blast Furnace
65:33 Chain Barding Armor
66:51 Two-Man Saw
67:03 Pikeman
76:17 Caravan
84:53 Elite Longbowman
91:28 Plate Barding Armor
Mkc
8:43 Loom
11:03 Feudal Age
13:50 Double-Bit Axe
16:06 Wheelbarrow
15:14 Horse Collar
21:05 Castle Age
20:55 Gold Mining
20:55 Stone Mining
21:41 Forging
21:37 Scale Barding Armor
21:54 Pikeman
22:45 Husbandry
23:25 Scale Mail Armor
25:09 Iron Casting
26:05 Squires
29:15 Chain Barding Armor
30:44 Hand Cart
30:41 Bow Saw
30:35 Heavy Plow
31:12 Gold Shaft Mining
31:13 Stone Shaft Mining
38:29 Imperial Age
38:52 Heavy Camel Rider
42:19 Plate Barding Armor
41:59 Fortified Wall
42:52 Chemistry
42:56 Light Cavalry
49:22 Hussar
55:29 Two-Man Saw
55:01 Crop Rotation
71:15 Elite Skirmisher
71:58 Padded Archer Armor
72:28 Capped Ram
74:03 Siege Ram
91:29 Chain Mail Armor
Okisan
1:04 Loom
10:32 Feudal Age
12:48 Bloodlines
13:22 Double-Bit Axe
13:28 Horse Collar
23:29 Castle Age
21:46 Gold Mining
21:50 Stone Mining
23:33 Scale Barding Armor
23:39 Forging
25:16 Wheelbarrow
24:43 Husbandry
25:05 Bow Saw
25:04 Heavy Plow
25:33 Squires
25:45 Pikeman
31:55 Gold Shaft Mining
40:27 Imperial Age
39:48 Iron Casting
44:47 Chain Barding Armor
45:48 Elite Tiger Cavalry
48:17 Blast Furnace
48:53 Ming Guang Armor
49:16 Conscription
50:34 Tuntian
58:53 Hand Cart
59:22 Parthian Tactics
58:50 Fletching
59:00 Padded Archer Armor
60:15 Bodkin Arrow
60:36 Leather Archer Armor
64:02 Bracer
65:44 Ballistics
67:57 Chemistry
72:36 Thumb Ring
78:17 Ring Archer Armor
84:49 Crop Rotation
86:10 Elite Skirmisher
89:23 Light Cavalry
JuanferQuintero
1:00 Loom
10:30 Feudal Age
12:07 Double-Bit Axe
17:06 Horse Collar
20:59 Castle Age
25:59 Gold Mining
29:54 Bow Saw
30:53 Wheelbarrow
32:16 Heavy Plow
37:01 Fletching
Connection lost

Rejoining the realm…

Still unreachable

The connection could not be restored.

Session expired

The server has moved on; the page needs a fresh start.